 Dungeon Crawl Stone Soup version 0.23.2-33-g5129a83 (webtiles) character file.

Game seed: 7691929990290980160

70 Aphrodieselac the Charmwright (level 4, -1/33 HPs)
             Began as a Merfolk Skald on Aug 5, 2019.
             Slain by an orc
             ... wielding a +0 flail of crushing
              (7 damage)
             ... on level 2 of the Dungeon.
             The game lasted 00:07:45 (2505 turns).

Aphrodieselac the Charmwright (Merfolk Skald)       Turns: 2505, Time: 00:07:45

Health: -1/33      AC:  3    Str: 11    XL:     4   Next: 21%
Magic:  4/7        EV: 12    Int: 13    God:
Gold:   50         SH:  0    Dex: 13    Spells: 2/7 levels left

rFire    . . .     SeeInvis .   a - +0 spear
rCold    . . .     Gourm    .   (no shield)
rNeg     . . .     Faith    .   b - +0 leather armour
rPois    .         Spirit   .   (no helmet)
rElec    .         Reflect  .   (no cloak)
rCorr    .         Harm     .   (no gloves)
MR       .....                  (no boots)
Stlth    +.........             (no amulet)
HPRegen  0.11/turn              (no ring)
MPRegen  0.10/turn              (no ring)

@: singing, very slightly contaminated
A: change form in water, swift swim, stealthy swim
a: no special abilities


You were on level 2 of the Dungeon.
You were not hungry.

You visited 1 branch of the dungeon, and saw 3 of its levels.

You collected 50 gold pieces.

Inventory:

Hand Weapons
 a - a +0 spear (weapon)
 k - a cursed -3 dagger
Missiles
 g - 2 curare-tipped needles
 i - 5 needles of sleeping
 n - 34 sling bullets
Armour
 b - a +0 leather armour (worn)
Jewellery
 h - an uncursed ring of stealth {unknown}
Scrolls
 c - 3 scrolls of identify {unknown}
 f - 3 scrolls of remove curse {unknown}
 m - a scroll of teleportation {unknown}
 o - a scroll of random uselessness {unknown}
 q - a scroll of enchant armour {unknown}
Potions
 e - a potion of heal wounds {unknown}
 j - 2 potions of flight {unknown}
 l - a potion of might {unknown}
 p - a potion of curing {unknown}
Comestibles
 d - 3 rations
 r - a chunk of flesh


   Skills:
 - Level 2.1 Fighting
 + Level 4.3 Polearms
 - Level 0.6 Armour
 - Level 2.6 Dodging
 - Level 2.0 Spellcasting
 * Level 4.8 Charms


You had 2 spell levels left.
You knew the following spells:

 Your Spells              Type           Power        Failure   Level  Hunger
a - Infusion              Chrm           ##..         4%          1    ##.....
b - Song of Slaying       Chrm           ##......     7%          2    ###....
c - Shroud of Golubria    Chrm/Tloc      #.........   19%         2    ###....

Your spell library contained the following spells:

 Spells                   Type           Power        Failure   Level  Hunger
 Regeneration             Chrm/Necr      #.........   36%         3    ####...
 Spectral Weapon          Hex/Chrm       #.......     36%         3    ####...


Dungeon Overview and Level Annotations

Branches:
Dungeon (3/15)

Altars:
Sif Muna


Message History

Attack whom?
Press: ? - help, Dir - move target cursor, f - orc
Aim: an orc, wielding a +0 flail of crushing and wearing a +0 ring mail You reach to attack!
You barely miss the orc. You closely miss the orc.
The orc hits you but does no damage.
You closely miss the orc.
The orc priest invokes the aid of Beogh against you.
Pain shoots through your body! The orc hits you with a +0 flail.
The orc hits you with a +0 flail of crushing.
You climb upwards.
There is a stone staircase leading down here.
You hit the orc but do no damage. You hit the orc but do no damage.
The orc barely misses you.
The orc hits you with a +0 flail of crushing.
* * * LOW HITPOINT WARNING * * *
x2 You hit the orc but do no damage.
The orc closely misses you. x2
You hit the orc but do no damage. The orc closely misses you.
You barely miss the orc.
The orc hits you with a +0 flail of crushing!
You die...

######## #......#
##########......##
.........'.....o@#
##########......o#
##############.#
#.........#....#
#......<..#.##.#
#.........#.##.############# #
#.........#.##.#...........#
###.........#.##.#.#########.#
'.'...........(..#.#...[...#.#


You could see 2 orcs.

Vanquished Creatures
  An adder (D:2)
  2 worms (D:2)
  2 dart slugs (D:1)
  2 leopard geckos (D:1)
  3 giant cockroaches
  5 goblins
  5 hobgoblins
  A quokka (D:3)
  A ball python (D:1)
  12 bats
  2 frilled lizards (D:1)
  6 kobolds
  7 rats
49 creatures vanquished.

Notes
Turn   | Place    | Note
-------+----------+-------------------------------------------
     0 | D:1      | Aphrodieselac the Merfolk Skald began the quest for the
                  | Orb.
     0 | D:1      | Reached XP level 1. HP: 16/16 MP: 3/3
   346 | D:1      | Reached XP level 2. HP: 22/22 MP: 5/5
   784 | D:1      | Reached XP level 3. HP: 22/27 MP: 6/6
  1948 | D:2      | Reached XP level 4. HP: 20/33 MP: 2/7
  2065 | D:2      | Learned a level 2 spell: Song of Slaying
  2068 | D:2      | Learned a level 2 spell: Shroud of Golubria
  2153 | D:2      | Found a deep blue altar of Sif Muna.
  2505 | D:2      | Slain by an orc

Skill      XL: |  1  2  3 |
---------------+----------+-----
Charms         | 4 |  4.8
Polearms       | 4 |  4.3
Fighting       | |  2.1
Armour         | |  0.6
Dodging        | |  2.6
Spellcasting   | |  2.0

Action                   |  1- 3 |  4- 6 || total
-------------------------+-------+-------++-------
Melee: Spear             |   190 |    27 ||   217
 Cast: Infusion          |     3 |       ||     3
       Song of Slaying   |       |     1 ||     1
 Stab: Sleeping          |     5 |       ||     5
  Eat: Chunk             |     3 |     2 ||     5
Armor: Leather armour    |    36 |    13 ||    49
Dodge: Dodged            |    73 |    13 ||    86
